 Dungeon Crawl Stone Soup version 0.27-a0-1334-g2746e35aca (webtiles) character file.

Game seed: 2270632909674225860

7380 dickylongcocking the Fighter (level 11, -4/78 HPs)
             Began as a Djinni Fire Elementalist on June 27, 2021.
             Was a Priest of Hepliaklqana.
             Slain by a wyvern (14 damage)
             ... on level 9 of the Dungeon.
             The game lasted 00:11:18 (12123 turns).

dickylongcocking the Fighter (DjFE)                Turns: 12123, Time: 00:11:18

Health: -4/78      AC:  2    Str:  7    XL:     11   Next: 36%
Gold:   105        EV: 12    Int: 21    God:    Hepliaklqana [***...] SH:  0 Dex: 13

rFire    + + +     SeeInvis .   q - staff of death
rCold    x x .     Faith    +   (no shield)
rNeg     + . .     Spirit   .   J - +2 robe {Archmagi}
rPois    ∞         Reflect  .   A - +0 helmet
rElec    .         Harm     .   (no cloak)
rCorr    +         Rampage  .   t - +0 pair of gloves
Will     +....                  (boots unavailable)
Stlth    ++........             b - amulet of faith
HPRegen  0.23/turn              C - ring of resist corrosion
MPRegen  0.00/turn              v - ring of fire

@: corroded, flying
A: reduced essence, sickness immunity, fire resistance 2, cold vulnerability 1,
float, innate caster, hp casting, extra vitality 1
a: Renounce Religion, Recall Ancestor, Ancestor Identity, Transference


You were on level 9 of the Dungeon.
You worshipped Hepliaklqana.
Hepliaklqana was most pleased with you.
You visited 2 branches of the dungeon, and saw 10 of its levels.
You also visited: Bailey.

You collected 395 gold pieces.
You spent 290 gold pieces at shops.

Inventory:

Hand Weapons
 e - a +0 hand axe
Armour
 a - a +0 robe
 t - a +0 pair of gloves (worn)
 A - a +0 helmet (worn)
 J - a +2 robe of the Archmagi (worn)
Magical Staves
 q - a staff of death (weapon)
Jewellery
 b - an amulet of faith (around neck)
 l - an amulet of magic regeneration
 v - a ring of fire (right hand)
 y - an amulet of guardian spirit
 C - a ring of resist corrosion (left hand)
Wands
 p - a wand of acid (6)
 u - a wand of iceblast (24)
 z - a wand of polymorph (9)
Scrolls
 d - 2 scrolls of acquirement
 h - a scroll of fog {unknown}
 i - 2 scrolls of magic mapping
 j - 2 scrolls of teleportation
 m - 3 scrolls of amnesia
 n - 3 scrolls of enchant armour
 o - a scroll of fear {unknown}
 s - 3 scrolls of vulnerability
 B - a scroll of noise {unknown}
 H - 2 scrolls of identify
Potions
 c - a potion of berserk rage
 f - 2 potions of haste {unknown}
 g - 2 potions of mutation {unknown}
 k - 5 potions of curing
 r - 3 potions of might {unknown}
 x - a potion of magic {unknown}
 D - a potion of lignification {unknown}
 E - a potion of resistance {unknown}
 F - a potion of flight {unknown}
 G - a potion of heal wounds
 I - a potion of brilliance {unknown}


   Skills:
 * Level 11.5 Fighting
 - Level 2.2 Dodging
 - Level 1.6 Stealth
 * Level 9.6 Spellcasting


You couldn't memorise any spells.
You knew the following spells:

 Your Spells              Type           Power      Damage    Failure   Level
a - Foxfire               Conj/Fire      100%       2x1d9     1%          1
b - Conjure Flame         Conj/Fire      85%        6-21      1%          3
c - Inner Flame           Hex/Fire       85%        N/A       1%          3
d - Sticky Flame          Conj/Fire      85%        2d10      1%          4
e - Fireball              Conj/Fire      42%        3d17      3%          5
f - Sting                 Tmut/Pois      100%       1d8       1%          1
g - Ensorcelled Hibernat  Hex/Ice        100%       N/A       1%          2
h - Summon Guardian Gole  Hex/Summ       66%        N/A       1%          3
i - Animate Armour        Summ/Erth      100%       N/A       1%          4
j - Airstrike             Air            33%        N/A       1%          4
Your spell library was empty.

Dungeon Overview and Level Annotations

Branches:
Dungeon (9/15)             Temple (1/1) D:4          Bailey (visited)
   Lair: D:8-11         Orc: D:9-12

Altars:
Ashenzari
Cheibriados
Elyvilon
Gozag
Hepliaklqana
Kikubaaqudgha
Makhleb
Nemelex Xobeh
Qazlal
Ru
Sif Muna
Trog
Uskayaw
Vehumet
Wu Jian
Xom
Yredelemnul
Zin
The Shining One
Beogh

Shops:
D:1 (   D:5 ?   D:7 ((*!

Annotations:
D:6 2 transporters, UncommonGray's ghost, novice GnWn


Innate Abilities, Weirdness & Mutations

Your life essence is reduced to manifest your ancestor. (-10% HP)
You are immune to sickness and miasma.
You are immune to poison.
Your flesh is very heat resistant. (rF++)
You are vulnerable to cold. (rC-)
You float through the air rather than walking.
You learn spells naturally, not from books.
Your magical power is your life essence.
You have superior vitality. (+4 HP)


Message History

A wyvern comes into view.
The acid dragon spits acid at you. The splash of acid hits you. You resist.
* * * LOW HITPOINT WARNING * * *
The acid corrodes you!
You are splashed with acid!
You resist.
* * * LOW HITPOINT WARNING * * *
Unknown command.
Unknown command.
Unknown command.
Casting: Fireball (dangerous; 3% risk of failure)
Confirm with . or Enter, or press ? or * to list all spells.
Aiming: Fireball (dangerous; 3% risk of failure)
Press: ? - help, Shift-Dir - straight line You feel a strong surge of power!
Matia avoids your attack.
The fireball explodes!
The fireball engulfs the acid dragon!!!
You kill the acid dragon!
* * * LOW HITPOINT WARNING * * *
You hear an angry hiss.
Unknown command.
Unknown command.
Unknown command.
Unknown command.
Unknown command.
Unknown command.
Aiming: Corrosive Bolt
Press: ? - help, Shift-Dir - straight line, f - wyvern
Aim: a wyvern (71% to hit)
The bolt of acid misses the wyvern.
A four-headed hydra comes into view.
Unknown command.
Unknown command.
Aiming: Corrosive Bolt
Press: ? - help, Shift-Dir - straight line, f/p - wyvern
Aim: a wyvern (71% to hit)
Okay, then.
You swap places.
Unknown command.
Okay, then.
The wyvern bites you!
You die...

.............#....
...........#.....#
..............##..
..........(##.#
.........†.##.#
..............#
.........D#...#
>.......l.##..#
.......@.R##..##
###.#.######†..# #
#. #...#
#...####...# #
........####...
####..c....[...
#.......#...
#...........
##..........


You could see the friendly Matia the battlemage, a four-headed hydra and a
wyvern.

Vanquished Creatures
  An orc high priest (Bailey)
  A deep elf pyromancer (D:6)
  Joseph (D:8)
  A kobold demonologist (Bailey)
  Psyche (D:8)
  A troll (D:9)
  3 wyverns (D:9)
  Grum (D:8)
  An acid dragon (D:9)
  2 water moccasins
  8 orc warriors (Bailey)
  3 necrophages
  A centaur (D:8)
  3 ogres (D:4)
  4 wolves (D:8)
  2 bullfrogs (D:7)
  A scorpion (D:5)
  A wyvern zombie (D:8)
  A water moccasin skeleton (D:6)
  3 wights (D:8)
  3 killer bees (D:8)
  6 electric eels
  A howler monkey (D:8)
  A bullfrog zombie (D:7)
  5 orc priests
  2 jellies
  A centaur skeleton (D:6)
  5 hounds
  A gnoll shaman (D:8)
  Ijyb (D:3)
  3 iguanas
  3 orc wizards
  A scorpion zombie (D:5)
  A hound skeleton (D:4)
  10 gnolls
  3 adders
  A howler monkey skeleton (D:5)
  3 white imps
  2 worms
  A dart slug (D:5)
  29 orcs
  6 endoplasms
  4 giant cockroaches
  11 goblins
  14 hobgoblins
  5 kobolds
  4 quokkas
  8 ball pythons
  5 bats
  2 frilled lizards
  10 rats
192 creatures vanquished.

Vanquished Creatures (collateral kills)
  A water moccasin (D:7)
  4 orc warriors
  A black bear (D:7)
  A centaur (D:7)
  A phantom (D:7)
  A bullfrog (D:8)
  A scorpion (D:6)
  A howler monkey (D:8)
  A bullfrog zombie (D:6)
  An orc priest (D:8)
  A jelly (D:6)
  An orc wizard (D:7)
  2 gnolls (Bailey)
  An adder (D:5)
  5 orcs
  2 hobgoblins (Bailey)
  A foxfire (D:5)
26 creatures vanquished.

Vanquished Creatures (others)
  2 battlemagi
  648 foxfires
  4 fungi (D:8)
654 creatures vanquished.

Grand Total: 872 creatures vanquished

Notes
Turn   | Place    | Note
-------+----------+-------------------------------------------
     0 | D:1      | dickylongcocking the Djinni Fire Elementalist began the
                  | quest for the Orb.
     0 | D:1      | Reached XP level 1. HP: 15/15 MP: 0/0
   229 | D:1      | Reached XP level 2. HP: 16/21 MP: 0/0
  1344 | D:1      | Found Vosuwula's Weapon Emporium.
  1427 | D:1      | Reached XP level 3. HP: 21/25 MP: 0/0
  1427 | D:1      | Learned a level 1 spell: Sting
  1954 | D:2      | Reached skill level 1 in Fighting
  2374 | D:2      | Reached XP level 4. HP: 28/32 MP: 0/0
  3002 | D:3      | Reached skill level 2 in Fighting
  3172 | D:3      | Noticed Ijyb
  3177 | D:3      | Reached XP level 5. HP: 33/39 MP: 0/0
  3177 | D:3      | Learned a level 2 spell: Ensorcelled Hibernation
  3184 | D:3      | Killed Ijyb
  3198 | D:3      | Reached skill level 3 in Fighting
  3534 | D:3      | Found a sparkling altar of Nemelex Xobeh.
  3648 | D:3      | Reached XP level 6. HP: 40/46 MP: 0/0
  4057 | D:3      | Noticed a necrophage
  4066 | D:3      | Killed a necrophage
  4145 | D:3      | Found a bloodstained altar of Trog.
  4335 | D:3      | Found a hazy altar of Hepliaklqana.
  4340 | D:3      | Became a worshipper of Hepliaklqana the Forgotten
  4369 | D:4      | Noticed an ogre
  4376 | D:4      | Killed an ogre
  4377 | D:4      | Reached skill level 4 in Fighting
  4377 | D:4      | Reached XP level 7. HP: 46/52 MP: 0/0
  4377 | D:4      | Learned a level 3 spell: Summon Guardian Golem
  4666 | D:4      | Found a staircase to the Ecumenical Temple.
  5083 | D:4      | Reached skill level 5 in Fighting
  5083 | D:4      | Reached skill level 5 in Spellcasting
  5201 | D:5      | Entered Level 5 of the Dungeon
  5250 | Temple   | Entered the Ecumenical Temple
  5394 | D:5      | Reached XP level 8. HP: 44/59 MP: 0/0
  5649 | D:5      | Reached * piety under Hepliaklqana
  6259 | D:5      | Found Waalomi's Magic Scroll Emporium.
  6266 | D:5      | Bought a scroll of blinking for 82 gold pieces
  6266 | D:5      | Bought a scroll of enchant armour for 82 gold pieces
  6279 | D:5      | Bought a scroll of identify for 22 gold pieces
  6290 | D:5      | Reached skill level 6 in Fighting
  6969 | D:6      | Found a transporter.
  7030 | D:6      | Found a transporter.
  7296 | D:6      | Noticed a deep elf pyromancer
  7302 | D:6      | Killed a deep elf pyromancer
  7303 | D:6      | Reached skill level 7 in Fighting
  7303 | D:6      | Reached XP level 9. HP: 50/61 MP: 0/0
  7303 | D:6      | Learned a level 4 spell: Animate Armour
  7397 | D:6      | Reached ** piety under Hepliaklqana
  7398 | D:6      | Remembered your ancestor Matia as a battlemage
  7605 | D:6      | Noticed UncommonGray's ghost (novice GnWn)
  7617 | D:7      | Found Porghe's Weapon Shop.
  7693 | D:7      | Found Xeeh's Antique Weapon Shoppe.
  7726 | D:7      | Reached skill level 8 in Fighting
  7976 | D:7      | Found Veocen's Distillery.
  7985 | D:7      | Bought a potion of curing for 39 gold pieces
  8002 | D:7      | Found a stormy altar of Qazlal.
  8644 | D:7      | Found an opulent altar of Gozag.
  8700 | D:7      | Found Zonad's General Store.
  8705 | D:7      | Bought a potion of heal wounds for 65 gold pieces
  9228 | D:8      | Reached skill level 9 in Fighting
  9228 | D:8      | Reached XP level 10. HP: 35/70 MP: 0/0
  9232 | D:8      | Noticed Psyche
  9236 | D:8      | Killed Psyche
  9237 | D:8      | Noticed Grum
  9240 | D:8      | Killed Grum
  9267 | D:8      | Noticed Joseph
  9281 | D:8      | HP: 3/72 [Joseph/sling bullet (7)]
  9290 | D:8      | Killed Joseph
  9299 | D:8      | Found a flagged portal.
  9308 | Bailey   | Entered a bailey
  9374 | Bailey   | Reached skill level 10 in Fighting
  9663 | Bailey   | Noticed an orc high priest
  9665 | Bailey   | Noticed a kobold demonologist
  9666 | Bailey   | Noticed a sun demon
  9669 | Bailey   | Noticed a soul eater
  9670 | Bailey   | Killed an orc high priest
  9672 | Bailey   | Noticed an ice devil
  9683 | Bailey   | Noticed an ice devil
  9686 | Bailey   | Killed a kobold demonologist
  9687 | Bailey   | Reached XP level 11. HP: 35/77 MP: 0/0
  9687 | Bailey   | Learned a level 4 spell: Airstrike
 10076 | Bailey   | Found an iron altar of Okawaru.
 10688 | D:8      | Reached skill level 11 in Fighting
 10887 | D:8      | Reached *** piety under Hepliaklqana
 12049 | D:9      | Noticed a centaur warrior
 12121 | D:9      | Noticed a four-headed hydra
 12123 | D:9      | Slain by a wyvern

Illustrated notes

Levels and vault maps discovered:
D:1:      amcnicky_arrival_wind_blow, layout_basic, serial_shops,
          nicolae_shop_behind_doors, minivault_26, serial_bayou_pond_a,
          minmay_pentomino_o2
D:2:      layout_rooms, minmay_rat_gold_closets
D:3:      layout_rooms, general_overflow_altar, nemelex_altar_shiori,
          lemuel_crystal_altar, nicolae_sif_muna_condensation, uniq_ijyb
D:4:      layout_cave_pools, minmay_temple_entry_ruins
D:5:      layout_cave_pools, serial_shops, shop, water_boxes_lemuel
D:6:      layout_loops_ring, gammafunk_ghost_stat_death,
          guppyfry_early_elven_hall
D:7:      layout_basic, grunt_gozag_breadcrumbs, grunt_qazlal_sundering,
          serial_shops, nicolae_square_shop, nicolae_shop_statue_plus, shop,
          shop, david_defended_altar_orc
D:8:      layout_layer_cave, enter_bailey_1, eino_small_chamber_without_monster,
          fungi_pond_lemuel, uniq_grum, uniq_psyche, uniq_joseph
D:9:      hangedman_cross_stitches, layout_rooms,
          nicolae_dithmenos_through_a_glass_darkly, kennysheep_kite_vault
Temple:   dshaligram_water_room_temple

Skill      XL: |  1  2  3  4  5  6  7  8  9 10 11 |
---------------+----------------------------------+-----
Spellcasting   | 3 4 5 6 7 9 |  9.6
Fighting       | 1 2 3 4 5 7 9 10 11 | 11.5
Dodging        | |  2.2
Stealth        | |  1.6

Action                   |  1- 3 |  4- 6 |  7- 9 | 10-12 || total
-------------------------+-------+-------+-------+-------++-------
Melee: Hand axe          |     3 |     3 |       |       ||     6
       Unarmed           |     1 |       |       |       ||     1
       Staff             |       |       |    10 |       ||    10
 Cast: Foxfire           |   110 |   112 |   195 |       ||   417
       Inner Flame       |       |     5 |     9 |    14 ||    28
       Sticky Flame      |       |       |    10 |     6 ||    16
       Animate Armour    |       |       |     1 |       ||     1
       Fireball          |       |       |       |    54 ||    54
       Sting             |       |       |       |     1 ||     1
       Ensorcelled Hiber |       |       |       |     1 ||     1
Invok: Ancestor Life: Ba |       |       |     1 |       ||     1
Evoke: Wand              |       |       |       |     4 ||     4
  Use: Scroll            |       |       |     6 |     2 ||     8
       Potion            |       |       |       |     8 ||     8
Armor: Robe              |     2 |     4 |    18 |     1 ||    25
Dodge: Dodged            |     9 |    28 |    60 |    13 ||   110

Table legend: (Time is in decaauts)
 A = Elapsed time spent in this place.
 B = Non-inter-level travel time spent in this place.
 C = Inter-level travel time spent in this place.
 D = Time resting spent in this place.
 E = Time spent auto-exploring this place.
 F = Levels seen in this place.
 G = Mean time per level.
                   A        B        C        D        E       F      G
               +--------+--------+--------+--------+--------+-----+--------+
         Total |  12123 |  11841 |    282 |    285 |  10191 |  11 | 1102.1 |
       Dungeon |  10798 |  10541 |    257 |    213 |   9124 |   9 | 1199.8 |
        Temple |     94 |     70 |     24 |      0 |     69 |   1 |   94.0 |
        Bailey |   1229 |   1229 |      0 |     72 |    998 |   1 | 1229.0 |
               +--------+--------+--------+--------+--------+-----+--------+

Top non-repeatable levels by time:
     D:1: 1888 daAuts
     D:7: 1602 daAuts
     D:8: 1514 daAuts
     D:3: 1423 daAuts
  Bailey: 1229 daAuts
     D:5: 1135 daAuts
     D:6: 1117 daAuts
     D:2: 1043 daAuts
     D:4: 915 daAuts
     D:9: 157 daAuts
  Temple: 94 daAuts
